[Event "Titled Tuesday Blitz June 6 Late 2023"]
[White "Marin Masis, Jose Esteban"]
[Black "Mazurkiewicz, Michal"]
[WhiteFideId "6508146"]
[BlackFideId "1124943"]
[WhiteElo "1838"]
[BlackElo "2063"]
[Result "0-1"]
[Round "4"]
[TimeControl "180+2"]
[Date "2023.06.07"]
[WhiteClock "0:00:02"]
[BlackClock "0:01:24"]
[Board "164"]

1. e4 d6 2. d4 Nf6 3. Nc3 c6 4. Nf3 Bg4 5. Be2 e6 6. Bg5 Be7 7. Qd2 d5 8. e5 Nfd7 9. Bxe7 Qxe7 10. h3 Bh5 11. Qg5 Bxf3 12. Qxe7+ Kxe7 13. Bxf3 c5 14. Bxd5 exd5 15. Nxd5+ Kd8 16. dxc5 Nc6 17. O-O-O Ncxe5 18. f4 Nc6 19. Rhe1 Rc8 20. Re3 Re8 21. Red3 Ncb8 22. b4 Re2 23. g4 b6 24. Nc3 Rf2 25. Ne4 Rxf4 26. Nd6 Rc6 27. b5 Rxc5 28. Nb7+ Kc7 29. Nxc5 Nxc5 30. Re3 Nbd7 31. Re7 Kd8 32. Rde1 Ne6 33. R1xe6 fxe6 34. Rxg7 h5 35. gxh5 Rh4 36. Rg3 Rxh5 37. Kb2 Rxb5+ 38. Kc1 0-1


[Site "https://www.chess.com"]

[Event "Titled Tuesday Blitz June 6 Late 2023"]
[White "Shapiro, Daniel"]
[Black "Tarnowska, Aleksandra"]
[WhiteFideId "2001780"]
[BlackFideId "1180967"]
[WhiteElo "2354"]
[BlackElo "1776"]
[Result "1-0"]
[Round "4"]
[TimeControl "180+2"]
[Date "2023.06.07"]
[WhiteClock "0:00:38"]
[BlackClock "0:00:38"]
[Board "165"]

1. d4 d5 2. c4 e6 3. Nf3 Nf6 4. g3 Bb4+ 5. Bd2 Be7 6. Qc2 b6 7. cxd5 exd5 8. Bg2 Bb7 9. O-O Nbd7 10. Nc3 Ne4 11. Nxe4 dxe4 12. Ne5 Nf6 13. Nc6 Qd7 14. Rac1 Bd6 15. Bxe4 O-O 16. Ne7+ Bxe7 17. Bxb7 Rab8 18. Bf3 Qxd4 19. Be3 Qa4 20. Qxa4 1-0


[Site "https://www.chess.com"]

[Event "Titled Tuesday Blitz June 6 Late 2023"]
[White "Araujo Filho, Luiz Antonio Coel"]
[Black "Stachanczyk, Jacek"]
[WhiteFideId "2130661"]
[BlackFideId "1116657"]
[WhiteElo "2056"]
[BlackElo "2084"]
[Result "0-1"]
[Round "4"]
[TimeControl "180+2"]
[Date "2023.06.07"]
[WhiteClock "0:00:01"]
[BlackClock "0:00:11"]
[Board "166"]

1. d4 Nf6 2. Nf3 g6 3. c4 Bg7 4. Nc3 d6 5. e4 O-O 6. Be2 e5 7. dxe5 dxe5 8. O-O c6 9. Qc2 Qe7 10. Rd1 a5 11. Rb1 Na6 12. a3 Nc5 13. b4 axb4 14. axb4 Ncxe4 15. Be3 Nxc3 16. Qxc3 Ng4 17. Bc5 Qf6 18. Bxf8 Kxf8 19. h3 Nh6 20. Qd2 Be6 21. Ng5 Kg8 22. Ne4 Qe7 23. b5 Nf5 24. bxc6 bxc6 25. Qb4 Qxb4 26. Rxb4 Nd4 27. Bf1 Bf8 28. Rb7 Kg7 29. Ng5 Re8 30. Nxe6+ Rxe6 31. f4 Bc5 32. Kh1 exf4 33. Bd3 Re3 34. Bf1 f3 35. gxf3 Rxf3 36. Rc7 Rf2 37. Bg2 Ne6 38. Rcd7 Nf4 39. Bxc6 Be3 40. Bd5 Nh5 41. Re1 Ng3+ 0-1


[Site "https://www.chess.com"]

[Event "Titled Tuesday Blitz June 6 Late 2023"]
[White "Winkels, Marcel"]
[Black "Manon-og, Ramon Jr."]
[WhiteFideId "1003887"]
[BlackFideId "5200776"]
[WhiteElo "1900"]
[BlackElo "2351"]
[Result "1-0"]
[Round "4"]
[TimeControl "180+2"]
[Date "2023.06.07"]
[WhiteClock "0:00:58"]
[BlackClock "0:00:01"]
[Board "167"]

1. d4 d5 2. Nc3 Nf6 3. Bf4 Bf5 4. e3 e6 5. Nf3 Nbd7 6. Ne5 Nxe5 7. dxe5 Ne4 8. Nxe4 Bxe4 9. f3 Bg6 10. Bd3 Bc5 11. c3 Qh4+ 12. Bg3 Qg5 13. f4 Qh5 14. Qxh5 Bxh5 15. Kd2 O-O-O 16. a4 a5 17. Rhb1 f6 18. exf6 gxf6 19. Bh4 Rdf8 20. b4 axb4 21. c4 dxc4 22. Bxc4 Rd8+ 23. Kc2 Bg6+ 24. Kb3 Bxb1 25. Bxf6 Rhe8 26. Bxd8 Kxd8 27. Rxb1 Bxe3 28. g3 e5 29. f5 Rf8 30. Re1 Bd4 31. Be6 Ke7 32. g4 c5 33. h4 b6 34. g5 Bf2 35. Re4 Bg3 36. h5 Bf4 37. g6 hxg6 38. hxg6 Bh6 39. Rh4 1-0


[Site "https://www.chess.com"]

[Event "Titled Tuesday Blitz June 6 Late 2023"]
[White "Bogaudinov, Rushan"]
[Black "zano2023"]
[WhiteFideId "4129288"]
[WhiteElo "1967"]
[BlackElo "2127"]
[Result "0-1"]
[Round "4"]
[TimeControl "180+2"]
[Date "2023.06.07"]
[WhiteClock "0:00:05"]
[BlackClock "0:01:03"]
[Board "168"]

1. d4 e5 2. dxe5 d6 3. exd6 Bxd6 4. e4 Qe7 5. Bd3 Nc6 6. Ne2 Nf6 7. Nbc3 Bg4 8. Bg5 O-O-O 9. Nd5 Qe6 10. Nxf6 gxf6 11. Be3 Kb8 12. h3 Bh5 13. g4 Bg6 14. Nc3 Bb4 15. f3 Ne5 16. Qe2 h5 17. Kf2 hxg4 18. hxg4 Ba5 19. a3 Bb6 20. Bxb6 Qxb6+ 21. Qe3 Qxb2 22. Nb5 Nxd3+ 23. Kg3 Qe5+ 24. f4 Qxb5 25. Rab1 Qc4 26. Rxh8 Rxh8 27. cxd3 Qc2 28. Rxb7+ Kxb7 0-1


[Site "https://www.chess.com"]

[Event "Titled Tuesday Blitz June 6 Late 2023"]
[White "Hartikainen, Jarmo"]
[Black "Celestino, Rafael Teixeira"]
[WhiteFideId "503134"]
[BlackFideId "2108925"]
[WhiteElo "2114"]
[BlackElo "2304"]
[Result "0-1"]
[Round "4"]
[TimeControl "180+2"]
[Date "2023.06.07"]
[WhiteClock "0:00:03"]
[BlackClock "0:01:46"]
[Board "169"]

1. e4 e5 2. Nf3 Nc6 3. Bc4 Bc5 4. c3 Nf6 5. d4 exd4 6. b4 Bb6 7. e5 d5 8. exf6 dxc4 9. Qe2+ Be6 10. b5 d3 11. Qe4 Nb8 12. fxg7 Rg8 13. Bg5 Qd5 14. Qxh7 f6 15. Qg6+ Bf7 16. Qxf6 Qe4+ 17. Be3 Bxe3 18. Qe5+ Qxe5 19. Nxe5 Bf4 20. Ng4 Rxg7 21. h3 Be6 22. Nf6+ Ke7 23. Ne4 Rxg2 24. Nbd2 Bd5 25. O-O-O Nd7 26. Rhe1 Kf7 27. h4 Re8 28. h5 Bxe4 0-1


[Site "https://www.chess.com"]

[Event "Titled Tuesday Blitz June 6 Late 2023"]
[White "NtcPou"]
[Black "Sarkar, Justin"]
[BlackFideId "2010011"]
[WhiteElo "2051"]
[BlackElo "2151"]
[Result "0-1"]
[Round "4"]
[TimeControl "180+2"]
[Date "2023.06.07"]
[WhiteClock "0:00:24"]
[BlackClock "0:00:39"]
[Board "170"]

1. e4 e5 2. Nf3 Nc6 3. Bc4 d6 4. O-O Be7 5. d3 Na5 6. Bb3 Nxb3 7. axb3 f5 8. Be3 f4 9. Bd2 Nf6 10. Nc3 c5 11. Nd5 Nxd5 12. exd5 g5 13. Ne1 g4 14. b4 cxb4 15. Bxb4 Bf5 16. d4 e4 17. c4 O-O 18. c5 h5 19. Qb3 Rf7 20. Ba5 Qc8 21. Rc1 b6 22. Bb4 a5 23. Ba3 bxc5 24. dxc5 dxc5 25. Qc4 Bd6 26. Bxc5 Rc7 27. Qd4 Bxc5 28. Qe5 Bd6 29. Rxc7 Bxe5 30. Rxc8+ Rxc8 0-1


[Site "https://www.chess.com"]

[Event "Titled Tuesday Blitz June 6 Late 2023"]
[White "Della Corte, Alessandro"]
[Black "Dmitriev, Sergey"]
[WhiteFideId "813540"]
[BlackFideId "14101785"]
[WhiteElo "2205"]
[BlackElo "2132"]
[Result "1-0"]
[Round "4"]
[TimeControl "180+2"]
[Date "2023.06.07"]
[WhiteClock "0:01:50"]
[BlackClock "0:01:12"]
[Board "171"]

1. d4 d6 2. c4 g6 3. e4 Bg7 4. Nc3 Nf6 5. Nf3 O-O 6. Be2 Nc6 7. O-O Bg4 8. Be3 Bxf3 9. Bxf3 e5 10. d5 Nd4 11. Bxd4 exd4 12. Qxd4 Ng4 13. Qd2 Ne5 14. Be2 f5 15. f4 Nd7 16. Bf3 fxe4 17. Nxe4 Qh4 18. g3 Qh3 19. Rae1 Rae8 20. Ng5 Qf5 21. Ne6 Nc5 22. Nxf8 Rxf8 23. b4 Nd7 24. Re7 Bf6 25. Re6 Bg7 26. Rfe1 Nf6 27. Re7 Ng4 28. Bxg4 Qxg4 29. Qe2 Bd4+ 30. Kg2 Qf5 31. Qe6+ Kh8 32. Qxf5 gxf5 33. Rxc7 1-0


[Site "https://www.chess.com"]

[Event "Titled Tuesday Blitz June 6 Late 2023"]
[White "Sarana, Alexey"]
[Black "Kamsky, Gata"]
[WhiteFideId "24133795"]
[BlackFideId "2000024"]
[WhiteElo "2714"]
[BlackElo "2660"]
[Result "1-0"]
[Round "5"]
[TimeControl "180+2"]
[Date "2023.06.07"]
[WhiteClock "0:00:22"]
[BlackClock "0:00:09"]
[Board "1"]

1. c4 e5 2. Nf3 Nc6 3. Nc3 Nf6 4. g3 d5 5. cxd5 Nxd5 6. Bg2 Nb6 7. O-O Be7 8. d3 O-O 9. a3 a5 10. Be3 Be6 11. Rc1 f6 12. Na4 Nd5 13. Bc5 Bd6 14. e4 Nb6 15. Nxb6 cxb6 16. Be3 b5 17. d4 exd4 18. Nxd4 Nxd4 19. Bxd4 b4 20. axb4 Bxb4 21. e5 fxe5 22. Bxe5 Qxd1 23. Rfxd1 Rf7 24. Bd5 Bxd5 25. Rxd5 a4 26. Rb5 Bf8 27. Rc7 Rxc7 28. Bxc7 a3 29. bxa3 Rxa3 30. Rxb7 Ra8 31. Be5 Re8 32. f4 Bc5+ 33. Kg2 Re7 34. Rb5 Ba7 35. g4 Kf7 36. h4 g6 37. Kf3 Rd7 38. Ke4 Bf2 39. h5 gxh5 40. gxh5 Bh4 41. Rb6 Be7 42. Rh6 Kg8 43. Kf5 Rb7 44. Ra6 Kf7 45. Rc6 Ra7 46. Rb6 Rd7 47. Ra6 Rb7 48. Ra8 Bf8 49. Rc8 Ra7 50. Rc6 Be7 51. Rh6 Kg8 52. Rb6 Kf7 53. Rb5 Rd7 54. Ke4 Ra7 55. f5 Ra4+ 56. Kd5 Ra7 57. Bd4 Rd7+ 58. Ke4 Rc7 59. Rb6 Bf8 60. Rf6+ Ke8 61. Be5 Rb7 62. Ra6 Kf7 63. f6 Rb1 64. Ra7+ Ke6 65. Bc3 Rc1 66. Ra6+ Kf7 67. Bd4 Rc7 68. Be5 Rb7 69. Kf5 Rd7 70. Rb6 Ra7 71. Rb5 Rd7 72. Bb8 Bh6 73. Be5 Bf8 74. Rb8 Ra7 75. Rc8 Rb7 76. Ke4 Ra7 77. Bd4 Rb7 78. Rc6 Rd7 79. Be5 Bh6 80. Bd6 Bg5 81. Be7 Ra7 82. Kf5 Ra5+ 83. Bc5 Be3 84. Rc7+ 1-0


[Site "https://www.chess.com"]

[Event "Titled Tuesday Blitz June 6 Late 2023"]
[White "Makarian, Rudik"]
[Black "Paravyan, David"]
[WhiteFideId "44105681"]
[BlackFideId "4194985"]
[WhiteElo "2451"]
[BlackElo "2563"]
[Result "1-0"]
[Round "5"]
[TimeControl "180+2"]
[Date "2023.06.07"]
[WhiteClock "0:00:25"]
[BlackClock "0:00:03"]
[Board "2"]

1. c4 e6 2. Nf3 d5 3. g3 Nf6 4. Bg2 Be7 5. O-O O-O 6. d4 dxc4 7. Qc2 b5 8. a4 Bb7 9. axb5 a6 10. Nc3 axb5 11. Rxa8 Bxa8 12. Nxb5 Bd5 13. Nc3 c5 14. Nxd5 exd5 15. dxc5 Bxc5 16. b3 Qc8 17. bxc4 dxc4 18. Ne5 c3 19. Bg5 Be7 20. Rc1 h6 21. Bf4 Ba3 22. Rb1 Bd6 23. Ng6 fxg6 24. Bxd6 Nc6 25. Qxc3 Qf5 26. Qb3+ Kh7 27. Bxc6 Ng4 28. Bf3 Rf6 29. Bf4 g5 30. Bxg4 Qxg4 31. Qd3+ Rg6 32. Be3 1-0


[Site "https://www.chess.com"]

[Event "Titled Tuesday Blitz June 6 Late 2023"]
[White "Sjugirov, Sanan"]
[Black "Deac, Bogdan-Daniel"]
[WhiteFideId "4189302"]
[BlackFideId "1226380"]
[WhiteElo "2569"]
[BlackElo "2644"]
[Result "0-1"]
[Round "5"]
[TimeControl "180+2"]
[Date "2023.06.07"]
[WhiteClock "0:00:03"]
[BlackClock "0:00:02"]
[Board "3"]

1. e4 e5 2. Nf3 Nf6 3. Nxe5 d6 4. Nf3 Nxe4 5. d4 d5 6. Bd3 Bd6 7. O-O O-O 8. c4 c6 9. Nc3 Nxc3 10. bxc3 dxc4 11. Bxc4 Bg4 12. h3 Bh5 13. g4 Bg6 14. Bg5 Qc7 15. Re1 b5 16. Bb3 Nd7 17. Nh4 Nb6 18. Nxg6 hxg6 19. Qf3 a5 20. h4 a4 21. Bc2 Nd5 22. Be4 Rae8 23. h5 gxh5 24. gxh5 Re6 25. Bf5 Rxe1+ 26. Rxe1 Bf4 27. Bh4 Bd2 28. Re5 Bf4 29. Re4 Qd6 30. Qg4 Bh6 31. Bg3 Qd8 32. Re1 Nxc3 33. Bc2 f5 34. Qg6 Nd5 35. Bxf5 Nf6 36. Be6+ Kh8 37. Be5 Qe8 38. Bf5 Qxg6+ 39. hxg6 Nd5 40. Be4 b4 41. Rb1 Nc3 42. Re1 Nxe4 43. Rxe4 b3 44. axb3 axb3 45. Re2 Bc1 46. d5 cxd5 47. Bd4 Kg8 48. Re1 b2 49. Bxb2 Bxb2 50. Rd1 d4 51. Kg2 Bc3 0-1


[Site "https://www.chess.com"]

[Event "Titled Tuesday Blitz June 6 Late 2023"]
[White "Rasulov, Vugar"]
[Black "Bortnyk, Mykola"]
[WhiteFideId "13402390"]
[BlackFideId "14120836"]
[WhiteElo "2509"]
[BlackElo "2592"]
[Result "1-0"]
[Round "5"]
[TimeControl "180+2"]
[Date "2023.06.07"]
[WhiteClock "0:01:27"]
[BlackClock "0:00:52"]
[Board "4"]

1. e4 Nf6 2. Nc3 d5 3. exd5 Nxd5 4. Nf3 Nc6 5. Bb5 a6 6. Bxc6+ bxc6 7. O-O Bg4 8. h3 Bh5 9. Ne4 e6 10. Ng3 Bg6 11. Ne5 Bd6 12. Nxc6 Qh4 13. d3 O-O 14. Qg4 Qxg4 15. hxg4 Bxg3 16. fxg3 a5 17. Bd2 a4 18. c4 Nf6 19. g5 Nd7 20. Bb4 Rfe8 21. Ne7+ Rxe7 22. Bxe7 Bxd3 23. Rfd1 Ne5 24. b3 Bc2 25. Rd8+ Rxd8 26. Bxd8 h6 27. Bxc7 Nd3 28. bxa4 Bxa4 29. gxh6 gxh6 30. Bd6 e5 31. Kf1 f6 32. Ke2 Nb2 33. Rc1 Kf7 34. Ba3 Nxc4 35. Rxc4 Bb5 36. Kd3 f5 37. Kc3 Bxc4 38. Kxc4 Ke6 39. Bb2 h5 40. a4 f4 41. a5 1-0


[Site "https://www.chess.com"]

[Event "Titled Tuesday Blitz June 6 Late 2023"]
[White "Narayanan.S.L"]
[Black "Kovalev, Vladislav"]
[WhiteFideId "5058422"]
[BlackFideId "13504398"]
[WhiteElo "2563"]
[BlackElo "2555"]
[Result "0-1"]
[Round "5"]
[TimeControl "180+2"]
[Date "2023.06.07"]
[WhiteClock "0:00:08"]
[BlackClock "0:00:07"]
[Board "5"]

1. e4 e5 2. Nf3 Nc6 3. Bb5 a6 4. Ba4 Nf6 5. d3 d6 6. c3 g6 7. Nbd2 Bg7 8. O-O O-O 9. Re1 Bd7 10. Nf1 b5 11. Bc2 a5 12. Bg5 h6 13. Bh4 a4 14. Ne3 a3 15. b4 Ne7 16. Bb3 g5 17. Bg3 Ng6 18. h3 Be6 19. Bh2 Qd7 20. g4 Nf4 21. Bxf4 exf4 22. Nf5 Rfe8 23. Kg2 c5 24. h4 c4 25. dxc4 bxc4 26. Bc2 Bxf5 27. gxf5 g4 28. Nd4 f3+ 29. Kh1 Re5 30. Rb1 Qe8 31. b5 Nxe4 32. Bxe4 Rxe4 33. Nc6 Bxc3 34. Rg1 h5 35. Qd5 Re2 36. f6 Be5 37. b6 Rxf2 38. Nxe5 Qxe5 39. Qxe5 dxe5 40. b7 Rb8 41. Rgc1 Rb2 0-1


[Site "https://www.chess.com"]

[Event "Titled Tuesday Blitz June 6 Late 2023"]
[White "Caruana, Fabiano"]
[Black "Baskakov, Egor"]
[WhiteFideId "2020009"]
[BlackFideId "24197866"]
[WhiteElo "2832"]
[BlackElo "2225"]
[Result "1-0"]
[Round "5"]
[TimeControl "180+2"]
[Date "2023.06.07"]
[WhiteClock "0:00:35"]
[BlackClock "0:00:08"]
[Board "6"]

1. Nc3 c5 2. Nf3 Nc6 3. e4 e5 4. Bc4 d6 5. d3 h6 6. Nd2 g6 7. Nf1 Bg7 8. Ne3 Nge7 9. h4 O-O 10. h5 g5 11. g4 Be6 12. Ncd5 Kh7 13. a4 Nb4 14. Nxe7 Qxe7 15. c3 Nc6 16. Bd5 Qd7 17. Bd2 Ne7 18. c4 Bxd5 19. cxd5 Rfb8 20. O-O b6 21. Kg2 a6 22. b4 Bf8 23. Qf3 Kg7 24. Rfb1 cxb4 25. Bxb4 b5 26. Qd1 a5 27. Bc3 b4 28. Bb2 Nc8 29. Rc1 Ra7 30. Nf5+ Kg8 31. Rc6 Rc7 32. Rac1 Rxc6 33. dxc6 Qe6 34. d4 Qa2 35. Qd2 Nb6 36. dxe5 dxe5 37. c7 Rc8 38. Rc6 Nxa4 39. Qd7 Nxb2 40. Qxc8 Nd3 41. Qxf8+ 1-0


[Site "https://www.chess.com"]

[Event "Titled Tuesday Blitz June 6 Late 2023"]
[White "Ibarra Jerez, Jose Carlos"]
[Black "Nepomniachtchi, Ian"]
[WhiteFideId "2226332"]
[BlackFideId "4168119"]
[WhiteElo "2631"]
[BlackElo "2781"]
[Result "0-1"]
[Round "5"]
[TimeControl "180+2"]
[Date "2023.06.07"]
[WhiteClock "0:00:03"]
[BlackClock "0:00:08"]
[Board "7"]

1. e4 c5 2. Ne2 e6 3. Nbc3 Nc6 4. d4 cxd4 5. Nxd4 Qc7 6. g3 a6 7. Bg2 Nf6 8. O-O Nxd4 9. Qxd4 Bc5 10. Bf4 d6 11. Qd2 h6 12. Rad1 e5 13. Be3 Be6 14. Bxc5 dxc5 15. Nd5 Bxd5 16. exd5 Qd6 17. f4 exf4 18. Rde1+ Kd7 19. Rxf4 Rhe8 20. Rff1 Rxe1 21. Rxe1 Re8 22. Rxe8 Nxe8 23. Bh3+ Kc7 24. Qe3 Kd8 25. c4 Qe7 26. Qf2 a5 27. d6 Qxd6 28. Qxf7 Qe7 29. Qxe7+ Kxe7 30. Kf2 Kf6 31. Ke3 Ke5 32. Bg2 Nd6 33. b3 Nf5+ 34. Kd3 b6 35. Be4 Nd4 36. Bb7 g5 37. Bc8 Nc6 38. Kc3 Nb4 39. a3 Nc6 40. Bb7 Nd4 41. b4 g4 42. bxc5 bxc5 43. Kd3 h5 44. Bd5 Kf6 45. Be4 Kg5 46. Ke3 h4 47. Bb7 Nf5+ 48. Kf2 hxg3+ 49. hxg3 Nd6 50. Bd5 Kf5 51. Ke3 Ke5 52. Bg8 Nf5+ 53. Kf2 Kd4 54. Be6 Ne3 55. Ke2 Nxc4 56. Bxg4 Nxa3 57. Be6 c4 58. g4 Ke5 59. Bf5 a4 60. Bd7 Nb1 61. Kd1 a3 62. Kc1 Nd2 63. Bf5 c3 64. Bb1 Nxb1 65. Kxb1 Kf4 0-1


[Site "https://www.chess.com"]

[Event "Titled Tuesday Blitz June 6 Late 2023"]
[White "Zakhartsov, Vladimir"]
[Black "Kollars, Dmitrij"]
[WhiteFideId "4145097"]
[BlackFideId "12909572"]
[WhiteElo "2508"]
[BlackElo "2584"]
[Result "0-1"]
[Round "5"]
[TimeControl "180+2"]
[Date "2023.06.07"]
[WhiteClock "0:00:01"]
[BlackClock "0:00:25"]
[Board "8"]

1. d4 Nf6 2. c4 e6 3. Nf3 d5 4. g3 Be7 5. Bg2 O-O 6. Nc3 Nbd7 7. Nd2 c5 8. dxc5 d4 9. Nce4 Nxc5 10. Nxc5 Bxc5 11. O-O e5 12. Ne4 Nxe4 13. Bxe4 Qe7 14. b3 f5 15. Bd5+ Be6 16. Bxe6+ Qxe6 17. e3 Rad8 18. Qe1 d3 19. Bd2 e4 20. f4 h5 21. h3 Rf7 22. Kh2 Be7 23. Rg1 Bf6 24. Rc1 g5 25. fxg5 Bxg5 26. Qf2 Kh7 27. c5 Rg8 28. Rc4 Bd8 29. c6 bxc6 30. Rgc1 h4 31. Qf4 Bg5 32. Qf2 hxg3+ 33. Qxg3 f4 34. exf4 Bxf4 35. Bxf4 Rxg3 36. Bxg3 d2 37. Rd1 Rd7 38. Bf4 e3 39. Bxe3 Qxe3 40. Rf1 Qe2+ 0-1


[Site "https://www.chess.com"]

[Event "Titled Tuesday Blitz June 6 Late 2023"]
[White "Martinez Alcantara, Jose Eduardo"]
[Black "Hansen, Eric"]
[WhiteFideId "3805662"]
[BlackFideId "2606771"]
[WhiteElo "2711"]
[BlackElo "2561"]
[Result "1/2-1/2"]
[Round "5"]
[TimeControl "180+2"]
[Date "2023.06.07"]
[WhiteClock "0:01:02"]
[BlackClock "0:01:07"]
[Board "9"]

1. e4 e5 2. Nf3 Nc6 3. Bb5 a6 4. Ba4 Nf6 5. d3 d6 6. c3 Be7 7. h3 O-O 8. O-O Nd7 9. d4 Bf6 10. Be3 Re8 11. Nbd2 Nb6 12. Bc2 g6 13. Re1 Bg7 14. dxe5 Nxe5 15. Nxe5 Bxe5 16. Bxb6 cxb6 17. Nf3 b5 18. Bb3 Be6 19. Bxe6 Rxe6 20. Qd5 Qc7 21. a3 Rae8 22. Rad1 Bf6 23. g3 Qc6 24. Kf1 Qxd5 25. Rxd5 Rxe4 26. Rxe4 Rxe4 27. Rxd6 Kg7 28. h4 h5 29. Nd2 Re7 30. Nb3 Be5 31. Rd5 Bc7 32. Nc5 Bb6 33. b4 Ba7 34. Kg2 Kf6 35. Kf3 Kg7 36. Kg2 Kf6 37. Kf3 Kg7 38. Kg2 1/2-1/2


[Site "https://www.chess.com"]

[Event "Titled Tuesday Blitz June 6 Late 2023"]
[White "Duda, Jan-Krzysztof"]
[Black "Li, Ruifeng"]
[WhiteFideId "1170546"]
[BlackFideId "2061074"]
[WhiteElo "2783"]
[BlackElo "2441"]
[Result "1-0"]
[Round "5"]
[TimeControl "180+2"]
[Date "2023.06.07"]
[WhiteClock "0:00:18"]
[BlackClock "0:00:23"]
[Board "10"]

1. b4 b6 2. Bb2 Bb7 3. Nf3 e6 4. a3 Nf6 5. e3 c5 6. b5 Be7 7. c4 d5 8. a4 O-O 9. Be2 Nbd7 10. O-O dxc4 11. Na3 Nd5 12. Nxc4 Bf6 13. Qc1 Qc7 14. Rd1 Rac8 15. a5 Rfd8 16. a6 Ba8 17. d3 Nb4 18. e4 Bxb2 19. Qxb2 Nf6 20. Nfe5 Ne8 21. Bh5 g6 22. Be2 f6 23. Ng4 e5 24. f4 h5 25. fxe5 hxg4 26. exf6 Rd4 27. Bxg4 Rcd8 28. Be6+ Kf8 29. Qf2 Qh7 30. Ne5 Nc7 31. Qh4 R8d7 32. Nxg6+ Ke8 33. f7+ Rxf7 34. Bxf7+ Qxf7 35. Qh8+ Kd7 36. Ne5+ 1-0


[Site "https://www.chess.com"]

[Event "Titled Tuesday Blitz June 6 Late 2023"]
[White "Lazavik, Denis"]
[Black "Indjic, Aleksandar"]
[WhiteFideId "13515110"]
[BlackFideId "911925"]
[WhiteElo "2560"]
[BlackElo "2614"]
[Result "1/2-1/2"]
[Round "5"]
[TimeControl "180+2"]
[Date "2023.06.07"]
[WhiteClock "0:00:08"]
[BlackClock "0:00:18"]
[Board "11"]

1. d4 Nf6 2. c4 e6 3. Nf3 c5 4. d5 d6 5. Nc3 exd5 6. cxd5 g6 7. h3 Bg7 8. e4 O-O 9. Bd3 Re8 10. O-O Nbd7 11. Re1 Ne5 12. Nxe5 Rxe5 13. Bf4 Nh5 14. Bh2 Qh4 15. Qf3 Rg5 16. Bxd6 Bxh3 17. g3 Bd4 18. Kh2 Nxg3 19. Bxg3 Qh6 20. Kg1 f5 21. Ne2 f4 22. Nxf4 Rf8 23. e5 Rxg3+ 24. Qxg3 Rxf4 25. Re4 Bxf2+ 26. Qxf2 Rxf2 27. Kxf2 Bf5 28. Re3 Qh2+ 29. Kf3 Bh3 30. Re2 Bg2+ 31. Rxg2 Qh3+ 32. Kf2 Qxd3 33. Re1 Qxd5 34. e6 Kf8 35. Kg1 Ke7 36. Rf2 Qg5+ 37. Kf1 Qh4 38. Rf7+ Ke8 39. Rf2 Qc4+ 40. Kg1 Qg4+ 41. Kf1 Qh3+ 42. Kg1 Qg3+ 43. Kf1 Ke7 44. Rf7+ Ke8 45. Rf2 Qh3+ 46. Kg1 Qg4+ 47. Kf1 Qc4+ 48. Kg1 Qb4 49. Ree2 Qg4+ 50. Kf1 Qh3+ 51. Ke1 Qh1+ 52. Kd2 Qd5+ 53. Kc1 Qc4+ 54. Kd1 Qxa2 55. e7 Qb1+ 56. Kd2 Qxb2+ 57. Kd1 Qb1+ 58. Kd2 Qb2+ 59. Kd1 Qb3+ 60. Kc1 Qc3+ 61. Kb1 Qb3+ 62. Kc1 Qa3+ 63. Kb1 Qb3+ 64. Kc1 1/2-1/2


[Site "https://www.chess.com"]

[Event "Titled Tuesday Blitz June 6 Late 2023"]
[White "Bluebaum, Matthias"]
[Black "Keymer, Vincent"]
[WhiteFideId "24651516"]
[BlackFideId "12940690"]
[WhiteElo "2639"]
[BlackElo "2669"]
[Result "0-1"]
[Round "5"]
[TimeControl "180+2"]
[Date "2023.06.07"]
[WhiteClock "0:00:18"]
[BlackClock "0:00:13"]
[Board "12"]

1. d4 Nf6 2. Nf3 e6 3. g3 b5 4. Bg2 a5 5. Ne5 Ra6 6. O-O Be7 7. c4 bxc4 8. Nxc4 d5 9. Ne5 O-O 10. Nc3 Nbd7 11. Bf4 c5 12. dxc5 Nxc5 13. Rc1 Bb7 14. Nd3 Rc6 15. Ne5 Rc8 16. Qd4 Ncd7 17. Rfd1 Bc5 18. Qa4 Nxe5 19. Bxe5 Qb6 20. Qf4 Bxf2+ 21. Qxf2 Qxf2+ 22. Kxf2 Ng4+ 23. Ke1 Nxe5 24. Nb5 Nc4 25. Rc3 Ba6 26. Nd4 Nxb2 27. Rdc1 Nc4 28. e4 dxe4 29. Bxe4 Nd6 30. Bc6 g6 31. Ba4 Rxc3 32. Rxc3 Bc4 33. Bb3 Bxb3 34. axb3 Rb8 35. Ke2 Nf5 36. Nc6 Rb5 37. Kd3 Kg7 38. Kc4 Nd6+ 39. Kd3 e5 40. Kc2 f5 41. Kd1 Ne4 42. Re3 Rc5 43. Nd8 Kf6 44. Nb7 Rb5 45. Nxa5 Rxa5 46. b4 Rb5 47. Rb3 Ke6 48. Kc2 Nf6 49. Kc3 Nd5+ 50. Kd2 Rxb4 51. Ra3 Rd4+ 52. Ke1 e4 53. Ra6+ Ke5 54. Ra8 Rb4 55. Ke2 Kd4 56. Ra2 Nc3+ 57. Kf2 Nxa2 58. Kg2 e3 59. Kh3 e2 60. Kh4 e1=Q 61. Kg5 Qe7+ 62. Kh6 g5 63. g4 fxg4 64. h4 Qf7 65. Kxg5 Rb5+ 66. Kxg4 Qf5+ 67. Kg3 Rb3+ 68. Kg2 Qf3+ 69. Kg1 Rb1+ 70. Kh2 Rh1# 0-1


[Site "https://www.chess.com"]

[Event "Titled Tuesday Blitz June 6 Late 2023"]
[White "Matlakov, Maxim"]
[Black "Sieciechowicz, Marcin"]
[WhiteFideId "4168003"]
[BlackFideId "1130170"]
[WhiteElo "2666"]
[BlackElo "2301"]
[Result "1-0"]
[Round "5"]
[TimeControl "180+2"]
[Date "2023.06.07"]
[WhiteClock "0:00:51"]
[BlackClock "0:00:02"]
[Board "13"]

1. Nf3 Nf6 2. d4 d5 3. c3 g6 4. Bf4 Bg7 5. e3 O-O 6. Nbd2 c5 7. Be2 Nc6 8. O-O b6 9. Ne5 Bb7 10. a4 Nd7 11. Nxd7 Qxd7 12. dxc5 bxc5 13. Nb3 e5 14. Bg3 Qe7 15. Qxd5 Nd4 16. Qc4 Nxe2+ 17. Qxe2 Bxg2 18. Kxg2 Qb7+ 19. Kg1 Qxb3 20. Rfd1 Rad8 21. e4 h5 22. f3 Rxd1+ 23. Rxd1 Qxa4 24. Rd5 Rb8 25. Rd2 Qb5 26. Qd1 c4 27. Kg2 Rb7 28. Kh3 Kh7 29. Qe2 a5 30. Rd5 Qxb2 31. Qxc4 Qc2 32. Rxa5 Rb2 33. Qxf7 Qg2+ 34. Kh4 Qe2 1-0


[Site "https://www.chess.com"]

[Event "Titled Tuesday Blitz June 6 Late 2023"]
[White "Svane, Rasmus"]
[Black "Manukyan, Sargis A."]
[WhiteFideId "4657101"]
[BlackFideId "13303970"]
[WhiteElo "2601"]
[BlackElo "2187"]
[Result "0-1"]
[Round "5"]
[TimeControl "180+2"]
[Date "2023.06.07"]
[WhiteClock "0:00:13"]
[BlackClock "0:00:18"]
[Board "14"]

1. Nf3 d5 2. g3 e6 3. Bg2 Nf6 4. O-O Be7 5. c4 O-O 6. b3 c5 7. cxd5 Nxd5 8. Nc3 Nc6 9. Bb2 b6 10. Nxd5 exd5 11. d4 Bf6 12. Qd2 Ba6 13. Rfe1 c4 14. bxc4 Bxc4 15. Ne5 Bxe5 16. dxe5 b5 17. Red1 Qe7 18. Bxd5 Rad8 19. e4 Nxe5 20. Qc3 Bxd5 21. exd5 f6 22. Ba3 Qd7 23. Bxf8 Kxf8 24. a4 bxa4 25. f4 Ng4 26. d6 Qe6 27. Qd4 Kg8 28. d7 h5 29. Rxa4 Rxd7 30. f5 Rxd4 31. fxe6 Rxd1+ 32. Kg2 Re1 33. h3 Nh6 34. Ra6 Nf5 35. Kf2 Re5 36. g4 hxg4 37. hxg4 Nd4 38. Rxa7 Nxe6 39. Kf3 Ng5+ 40. Kf4 Re4+ 41. Kf5 Re8 42. Rxg7+ Kxg7 0-1


[Site "https://www.chess.com"]